[Event "*** MasterClass Titled Tuesday Blitz"]
[Site "Chess.com"]
[Date "2017.08.01"]
[Round "3"]
[White "biostatistician"]
[Black "hassler2"]
[Result "1-0"]
[WhiteElo "2469"]
[BlackElo "2311"]
[TimeControl "180+2"]
[EndTime "13:38:07 PDT"]
[Termination "biostatistician won by resignation"]

1. d4 Nf6 2. Nf3 d5 3. c4 e6 4. Bg5 Be7 5. e3 O-O 6. Nc3 Ne4 7. Bxe7 Qxe7 8. Rc1 c6 9. Bd3 Nxc3 10. Rxc3 Nd7 11.
O-O dxc4 12. Bxc4 e5 13. Bb3 exd4 14. exd4 Nf6 15. Re1 Qd6 16. Ne5 Bf5 17. Qf3 Bg6 18. Qg3 Qxd4 19. Nxg6 hxg6 20. Qxg6 Nd5 21. Bxd5 Qxd5 22. Qg4 Rfe8 23. Rd1 Qxa2 24. Rg3 g6 25. h4 Rad8 26. h5 Rxd1+ 27. Qxd1 Qxb2 28. hxg6 f5 29. Rh3 Qg7 30. Qh5 Rf8 31. Qg5 Qf6 32. Qf4 Qa1+ 33. Kh2 Re8 34. Qh6 Qe5+ 35. f4 Qg7 36. Qg5 Qe7 37.
Qxf5 Qe6 38. Qh5 Qf6 39. Qh7+ Kf8 40. Rg3 Qg7 41. Qh5 Re6 42. Qf5+ Qf6 43. g7+ Kg8 44. Qh7+ Kxh7 45. g8=Q+ Kh6 46. Rh3+ 1-0

[Event "*** MasterClass Titled Tuesday Blitz"]
[Site "Chess.com"]
[Date "2017.08.01"]
[Round "3"]
[White "guilty93"]
[Black "TenisMaster"]
[Result "0-1"]
[WhiteElo "2380"]
[BlackElo "2679"]
[TimeControl "180+2"]
[EndTime "13:38:17 PDT"]
[Termination "TenisMaster won by resignation"]

1. e4 e5 2. Nf3 Nc6 3. Bb5 a6 4. Ba4 Nf6 5. O-O Bc5 6. d3 b5 7.
Bb3 d6 8. a3 h6 9. Be3 O-O 10.
Nc3 Bg4 11. h3 Bxf3 12. Qxf3 Nd4 13. Bxd4 Bxd4 14. Rab1 Bxc3 15. bxc3 c5 16. a4 Rc8 17. axb5 axb5 18. c4 b4 19. Ra1 Ra8 20. Qe3 Qe7 21. g3 h5 22. Qg5 Qe6 23. Kg2 g6 24. Ba4 Nh7 25. Qe3 Kg7 26. Bc6 Ra3 27. Bd5 Qe7 28.
f4 h4 29. fxe5 Qxe5 30. Rae1 hxg3 31. Rf3 Ra2 32. Re2 Nf6 33. Rxg3 Nxd5 34. cxd5 Qc3 35. Qf2 Rfa8 36. h4 b3 37. cxb3 Qxb3 38. Kh3 Rxe2 39. Qxe2 Ra2 40. Qg4 Qc2 41. Qf4 Qh2+ 42. Kg4 Rf2 43.
Qxd6 Qh1 44. Qe5+ Kh7 45. Qg5 Qd1+ 46. Kh3 Qf1+ 47. Kg4 Qe2+ 0-1

[Event "*** MasterClass Titled Tuesday Blitz"]
[Site "Chess.com"]
[Date "2017.08.01"]
[Round "3"]
[White "belisarius64"]
[Black "BigMak2500"]
[Result "0-1"]
[WhiteElo "2343"]
[BlackElo "2436"]
[TimeControl "180+2"]
[EndTime "13:38:23 PDT"]
[Termination "BigMak2500 won by resignation"]

1. d4 Nf6 2. c4 e6 3. Nf3 b6 4.
g3 Bb7 5. Bg2 Be7 6. O-O O-O 7.
Nc3 Ne4 8. Bd2 Nxc3 9. Bxc3 d5 10. cxd5 exd5 11. b4 Nd7 12. Qb3 Nf6 13. Ne5 Bd6 14. e3 Re8 15. Rfd1 Qe7 16. a4 Ne4 17. Rac1 Bxe5 18. dxe5 c5 19. bxc5 bxc5 20. Bxe4 dxe4 21.
Qb5 a6 22. Qd7 Qxd7 23. Rxd7 Bc6 24. Rc7 Bxa4 25. Rxc5 Rec8 26. Bd4 Bd7 27. Rc7 a5 28. R1c3 Rxc7 29. Rxc7 Bh3 30. Rc1 a4 31. Ra1 a3 32.
f4 exf3 33. Kf2 Bf5 34. Kxf3 a2 35. g4 Bb1 36. Kf4 Kf8 37. Bc5+ Ke8 38. Bd4 Kd7 39. h4 Ke6 40. g5 Ra4 41. Kg3 Kf5 42. Kf3 Rc4 43.
Kg3 Ke4 44. e6 fxe6 45. Bxg7 Kxe3 46. h5 Ra4 47. Bf6 Ra3 48. g6 hxg6 49. h6 Ra7 50. Kg4 Rf7 51. Bg7 Rf1 52. h7 Rg1+ 53. Kh4 Rh1+ 54.
Kg5 Rxh7 55. Kf6 Rxg7 56. Kxg7 Kd4 57. Kf6 Kc3 0-1

[Event "*** MasterClass Titled Tuesday Blitz"]
[Site "Chess.com"]
[Date "2017.08.01"]
[Round "3"]
[White "AlexanderKing"]
[Black "Big_Fishy"]
[Result "1-0"]
[WhiteElo "2450"]
[BlackElo "2246"]
[TimeControl "180+2"]
[EndTime "13:38:23 PDT"]
[Termination "AlexanderKing won by resignation"]

1. d4 Nf6 2. c4 g6 3. Nc3 Bg7 4. e4 d6 5. Nf3 O-O 6. Be2 e5 7. O-O Nc6 8. d5 Ne7 9. Ne1 Ne8 10. Be3 f5 11. f3 f4 12. Bf2 g5 13. c5 Ng6 14. Rc1 Rf7 15. Nd3 Bf8 16. cxd6 Bxd6 17.
Nb5 a6 18. Nxd6 cxd6 19. b4 h5 20.
a4 Nf6 21. Nb2 g4 22. Nc4 g3 23. hxg3 fxg3 24. Bxg3 h4 25. Bf2 Nh5 26. Kh2 Ng3 27.
Rg1 Nf4 28. Bf1 Rh7 29. Nb6 Rb8 30. Qc2 Bd7 31. Qc7 Nxf1+ 32. Rgxf1 Qxc7 33. Rxc7 Be8 34. Rxh7 Kxh7 35. Bxh4 Nd3 36. Rb1 Bh5 37. Rb3 Nf4 38. g4 Bg6 39. Bg3 Kg7 40. Bxf4 exf4 41. Rc3 Kf6 42. Nd7+ Kg5 43. Nxb8 Kh4 44. Rc8 Bxe4 45. fxe4 Kxg4 46. Kg2 f3+ 47. Kf2 Kf4 48. Re8 b5 49. a5 Kg4 50. Rf8 Kg5 51. Kxf3 1-0

[Event "*** MasterClass Titled Tuesday Blitz"]
[Site "Chess.com"]
[Date "2017.08.01"]
[Round "3"]
[White "ruvat"]
[Black "Cocovitsch007"]
[Result "1-0"]
[WhiteElo "2295"]
[BlackElo "2214"]
[TimeControl "180+2"]
[EndTime "13:38:30 PDT"]
[Termination "ruvat won on time"]

1. d4 Nf6 2. c4 g6 3. Nf3 Bg7 4. g3 d6 5. Bg2 O-O 6. O-O c6 7. Nc3 Qa5 8. e4 Bg4 9. h3 Bxf3 10. Bxf3 c5 11. e5 Nh5 12. Bxb7 cxd4 13. Bxa8 dxc3 14. Bf3 Bxe5 15. bxc3 Qxc3 16. Rb1 Ng7 17. Qe2 Ne6 18. Bb2 Qa5 19. Bxe5 dxe5 20. Rb5 Qa3 21. Rb3 Qc5 22. Rb5 Qa3 23. Bg2 Nd4 24. Qxe5 Nxb5 25. cxb5 Qxa2 26.
Qxe7 Qb2 27. Qb7 Qd4 28. Bd5 Qf6 29. h4 h5 30. Rc1 Qd4 31. Rc7 Qf6 32. Qxa7 Kg7 33.
Qb7 Qf5 34. b6 Qf6 35. Qa7 Qf5 36. Qa2 Qf6 37. b7 Qe5 38. Rc8 Qe1+ 39. Kg2 Qe5 40.
Rxf8 Kxf8 41. Kh2 Qc7 42. Qc4 Nd7 43. Qxc7 Nf6 44. b8=Q+ 1-0

[Event "*** MasterClass Titled Tuesday Blitz"]
[Site "Chess.com"]
[Date "2017.08.01"]
[Round "3"]
[White "Grootneus"]
[Black "TastyFrenchFries"]
[Result "1-0"]
[WhiteElo "2056"]
[BlackElo "1909"]
[TimeControl "180+2"]
[EndTime "13:38:36 PDT"]
[Termination "Grootneus won on time"]

1. e4 e6 2. d4 d5 3. Nc3 Bb4 4. Bd3 Nf6 5. e5 Nfd7 6. Qg4 Kf8 7. Nh3 c5 8. a3 Ba5 9. b4 cxd4 10. Nb5 Bc7 11.
f4 Nc6 12. Ng5 h5 13. Qh4 Bb8 14. Bb2 a6 15. Nxd4 Nxd4 16. Bxd4 Qe7 17. O-O g6 18.
Qh3 Kg7 19. Rae1 a5 20. b5 Bc7 21. Qg3 Bb6 22. Bxb6 Nxb6 23. f5 exf5 24. e6 Qc5+ 25.
Kh1 f6 26. Nf7 h4 27. Qf4 Rh7 28. Nd6 Nc4 29. Ne8+ Kf8 30. Nxf6 Rg7 31. Qh6 Qe7 32. Nxd5 Qd6 33. e7+ Ke8 34. Qxg7 Qxd5 35. Qh8+ Kd7 36. e8=Q+ Kc7 37. Bxc4 Qxc4 38. Qe7+ Kb6 39. Qhf6+ Ka7 40. Qe3+ b6 41. Qfe7+ Bb7 42. Qf3 Rb8 43. Rd1 h3 44.
Qxh3 Ka8 45. Qd3 Qg4 46. Qde2 1-0

[Event "*** MasterClass Titled Tuesday Blitz"]
[Site "Chess.com"]
[Date "2017.08.01"]
[Round "3"]
[White "1lec"]
[Black "DiamondCrusher22"]
[Result "1-0"]
[WhiteElo "2047"]
[BlackElo "2032"]
[TimeControl "180+2"]
[EndTime "13:38:41 PDT"]
[Termination "1lec won by checkmate"]

1. e4 e5 2. Nf3 Nc6 3. Bc4 Nf6 4.
Ng5 d5 5. exd5 Na5 6. Bb5+ c6 7. dxc6 bxc6 8. Bd3 Nd5 9. Nf3 Bd6 10. O-O O-O 11.
Re1 Nf4 12. Bf1 Re8 13. Nc3 f5 14. d3 Nd5 15. Bg5 Qc7 16. h3 Qb6 17. Rb1 Qc7 18.
Qd2 h6 19. Bxh6 gxh6 20. Qxh6 Re6 21. Qg5+ Kf8 22. Nxd5 cxd5 23. Qxf5+ Ke8 24. Nd4 Re7 25.
Qh5+ Kd8 26. Nb5 Qc6 27. Qh8+ Re8 28. Qf6+ Re7 29. Qxd6+ Qxd6 30. Nxd6 Be6 31. Nb5 Rc8 32. c3 e4 33. dxe4 dxe4 34. Rxe4 Bf5 35. Rd1+ Rd7 36. Rxd7+ Kxd7 37. Rd4+ Ke7 38. Nd6 Rc5 39. b4 Re5 40.
Nxf5+ Rxf5 41. bxa5 Rxa5 42. g4 Rxa2 43. g5 Kf7 44. Bc4+ Kg6 45. Bxa2 a5 46. f4 a4 47. Bb1+ Kh5 48. g6 a3 49. g7 a2 50. Bxa2 Kh4 51. g8=Q Kxh3 52. Rd3+ Kh4 53. Qh8+ Kg4 54. Be6+ Kxf4 55.
Qh4+ Ke5 56. Qd4+ Kxe6 57. Re3+ Kf5 58. Qe4+ Kg5 59. Rg3+ Kf6 60. Rg6+ Kf7 61. Qe6+ Kf8 62. Rg8# 1-0

[Event "*** MasterClass Titled Tuesday Blitz"]
[Site "Chess.com"]
[Date "2017.08.01"]
[Round "3"]
[White "Journey_to_GrandMaster_YT"]
[Black "AndrewDGreen"]
[Result "1-0"]
[WhiteElo "2317"]
[BlackElo "2160"]
[TimeControl "180+2"]
[EndTime "13:38:41 PDT"]
[Termination "Journey_to_GrandMaster_YT won by resignation"]

1. d4 Nf6 2. Nf3 g6 3. g3 Bg7 4. Bg2 O-O 5. O-O d6 6. b3 c6 7. Bb2 Qa5 8. Nbd2 Qh5 9. e4 Bh3 10. Nh4 Qxd1 11. Raxd1 Bxg2 12. Nxg2 Nbd7 13. f4 c5 14. e5 Nd5 15. c4 Nb4 16. dxc5 dxe5 17. fxe5 Nxc5 18. Nf3 Nxa2 19. Ba3 b6 20. b4 Ne6 21.
Rd7 Rfe8 22. Ne3 Rac8 23. Rfd1 Nc3 24. R1d3 Ne4 25. Rxa7 Bh6 26. Nd5 Rxc4 27. Nxe7+ Kh8 28. Nd5 Rec8 29. Rxf7 Ra8 30. Nxb6 Rxa3 31. Rxa3 Rc1+ 32. Kg2 Rc2+ 33. Kh1 Nf2+ 34. Kg1 Nh3+ 35. Kf1 Rf2+ 36. Ke1 Bd2+ 37. Kd1 Bxb4 38. Ra8+ Bf8 39. Nd7 Kg8 40. Raxf8+ Nxf8 41.
Rxf8+ Kg7 42. e6 Ng5 43. Nxg5 Rxf8 44. Nxf8 Kxf8 45. Nxh7+ Ke7 46. Ng5 Kf6 47. h4 1-0

[Event "*** MasterClass Titled Tuesday Blitz"]
[Site "Chess.com"]
[Date "2017.08.01"]
[Round "3"]
[White "KNVB"]
[Black "moventog"]
[Result "1-0"]
[WhiteElo "2509"]
[BlackElo "2344"]
[TimeControl "180+2"]
[EndTime "13:38:53 PDT"]
[Termination "KNVB won by resignation"]

1. d4 d6 2. Nf3 Nf6 3. Bf4 g6 4. h3 Bg7 5. Bh2 O-O 6. e3 b6 7. c3 Bb7 8. Nbd2 c5 9. a4 a6 10.
Bd3 Nbd7 11. O-O Qc7 12. Re1 e5 13. dxe5 Nxe5 14. Bxe5 dxe5 15. e4 Nh5 16. Bf1 Rfd8 17.
Qc2 Rd7 18. Nc4 Rad8 19. Ne3 Nf4 20. g3 Nh5 21. Bc4 h6 22. Nd5 Bxd5 23. Bxd5 Nf6 24. c4 Nh7 25. Kg2 a5 26. h4 h5 27. Nd2 Nf8 28.
Nf1 Bh6 29. Rad1 Rd6 30. Nh2 Kg7 31. Nf3 Qe7 32. Qb3 f6 33. Ng1 Nd7 34. Ne2 Nb8 35.
Nc3 Nc6 36. Bxc6 Rxc6 37. Rxd8 Qxd8 38. Nd5 Rd6 39. Rd1 Kf7 40. Qf3 Bf8 41. Rd3 Kg7 42. Qd1 Qe8 43. g4 hxg4 44. Qxg4 Qe6 45. Qd1 Be7 46.
h5 g5 47. h6+ Kh7 48. Qh5 Rd8 49.
Kg3 Rf8 50. Ne3 Rd8 51. Rd5 Rxd5 52. cxd5 Qg8 53. Kg4 Qg6 54. Qxg6+ Kxg6 55. h7 Kxh7 56. Kf5 Kg7 57. Ke6 Kf8 58. Nf5 Bd8 59. Kd7 1-0

[Event "*** MasterClass Titled Tuesday Blitz"]
[Site "Chess.com"]
[Date "2017.08.01"]
[Round "3"]
[White "dretch"]
[Black "GrigorGrigorov"]
[Result "1/2-1/2"]
[WhiteElo "2518"]
[BlackElo "2612"]
[TimeControl "180+2"]
[EndTime "13:38:59 PDT"]
[Termination "Game drawn by repetition"]

1. d4 d5 2. c4 e6 3. Nc3 a6 4. cxd5 exd5 5. Bf4 c6 6. e3 Bd6 7.
Bxd6 Qxd6 8. Bd3 Ne7 9. Nf3 Bf5 10. Bxf5 Nxf5 11. O-O O-O 12. e4 dxe4 13. Nxe4 Qd5 14. Nc3 Qd8 15. Qb3 Nd6 16. d5 c5 17. Ne5 Nd7 18.
Nxd7 Qxd7 19. Na4 Qc7 20. Qb6 Qxb6 21. Nxb6 Rad8 22. Rac1 Nc8 23. Na4 b6 24. Rfd1 Rd6 25.
Rd2 Rfd8 26. Rcd1 Ne7 27. Nc3 Kf8 28. Kf1 f5 29. a4 Kf7 30. h3 Kf6 31. g4 g6 32. Kg2 b5 33. axb5 axb5 34. Kf3 b4 35. Na4 c4 36. Rc1 Rxd5 37. Rxd5 Rxd5 38. Rxc4 Rd3+ 39.
Kg2 Nd5 40. Nb6 Nxb6 41. Rc6+ Kg5 42. Rxb6 b3 43. gxf5 Kxf5 44. Rb5+ Ke4 45. h4 Kf4 46. Rb4+ Kf5 47. Rb5+ Kg4 48. Rb7 h5 49. Rb4+ Kf5 50.
Rb5+ Ke4 51. Rb6 Kf5 52. Rb5+ Kf6 53. Rb6+ Kg7 54. Rb4 Kf7 55. Rb6 Kg7 56. Rb4 Kf6 57.
Rb5 Ke6 58. Rb6+ Kf5 59. Rb5+ Kf6 60. Rb6+ Kg7 61. Rb5 Kf6 1/2-1/2

[Event "*** MasterClass Titled Tuesday Blitz"]
[Site "Chess.com"]
[Date "2017.08.01"]
[Round "3"]
[White "ShimanovAlex"]
[Black "Vrolijk"]
[Result "1-0"]
[WhiteElo "2621"]
[BlackElo "2503"]
[TimeControl "180+2"]
[EndTime "13:39:00 PDT"]
[Termination "ShimanovAlex won by resignation"]

1. d4 Nf6 2. Bf4 d5 3. e3 e6 4. Nd2 c5 5. c3 Nc6 6. Ngf3 Be7 7. h3 Bd6 8. Bxd6 Qxd6 9. dxc5 Qxc5 10. Qe2 O-O 11. O-O-O Bd7 12. e4 dxe4 13. Nxe4 Nxe4 14. Qxe4 Rad8 15. Bd3 f5 16. Qe3 Qxe3+ 17. fxe3 h6 18. Bc4 Kh7 19. Rhe1 e5 20. Bd5 e4 21. Nd4 Ne5 22. Bxb7 Nd3+ 23. Rxd3 exd3 24. Bf3 Rfe8 25. Kd2 Rb8 26. b3 Re5 27. Kxd3 Rbe8 28. Re2 g5 29. c4 Kg6 30. g4 fxg4 31. hxg4 h5 32. gxh5+ Kh6 33.
b4 g4 34. Bd5 g3 35. b5 Bg4 36. Re1 Bh3 37. Bf3 g2 38. e4 Rg5 39. Rg1 Rd8 40.
Ke3 Rg3 41. Kf4 Rgg8 42. Nf5+ Bxf5 43. exf5 Rd4+ 44. Ke5 Rxc4 45. Bd5 Re8+ 46. Kf6 Rg4 47. Rxg2 Rf8+ 48. Ke5 Rg5 49. Rxg5 Kxg5 50. Be6 Rd8 51. f6 Kxh5 52. f7 Kg6 53. a4 Kg7 54. a5 Rb8 55.
Bc4 Rc8 56. Kd4 Kf6 57. Bd5 Ke7 58. b6 axb6 59. axb6 Rd8 60. Kc5 Rc8+ 61. Kb5 Rd8 62.
Bc4 Kd6 63. Bb3 Rf8 64. Ka6 Kc6 65. Ka7 Kd6 66. b7 Kc7 67. Be6 1-0

[Event "*** MasterClass Titled Tuesday Blitz"]
[Site "Chess.com"]
[Date "2017.08.01"]
[Round "3"]
[White "ChessQueen"]
[Black "scrapnel"]
[Result "1-0"]
[WhiteElo "2578"]
[BlackElo "2503"]
[TimeControl "180+2"]
[EndTime "13:39:00 PDT"]
[Termination "ChessQueen won by resignation"]

1. e4 c5 2. Nf3 d6 3. d4 cxd4 4. Nxd4 Nf6 5. Nc3 a6 6. Bg5 e6 7. Qf3 Nbd7 8. Be2 Qc7 9. O-O b5 10. b4 Bb7 11. a4 Rc8 12. Bd2 bxa4 13. b5 Ne5 14. Qg3 a5 15. Rxa4 Be7 16. b6 Qxb6 17. Rb1 Qc7 18. Ndb5 Qd7 19. f4 Nc6 20. Qxg7 Rg8 21. Qh6 Rg6 22. Qh3 Nb4 23. Bf3 Nxe4 24. Nxe4 Qxb5 25. Raxb4 axb4 26. Rxb4 Qf5 27. Qxf5 exf5 28.
Rxb7 fxe4 29. Bxe4 Rh6 30. Bf5 Ra8 31. g3 Kf8 32.
Kg2 d5 33. Rb5 Rd8 34. g4 Kg7 35. Bc3+ d4 36. Bb2 Rc6 37. Bd3 h6 38. Rb7 Bf6 39. Kf3 Re8 40. h4 Re3+ 41. Kg2 Rd6 42. g5 hxg5 43.
hxg5 Bd8 44. Bc1 Re7 45. Rb5 Rb6 46. Rd5 Rb1 47. Ba3 Ra7 48. Bc5 Bb6 49. Bxb6 Rxb6 50.
Rxd4 Ra2 51. Kf3 Rc6 52. f5 Rcxc2 53. f6+ 1-0

[Event "*** MasterClass Titled Tuesday Blitz"]
[Site "Chess.com"]
[Date "2017.08.01"]
[Round "3"]
[White "MateusViageiro"]
[Black "dmjjmd"]
[Result "1/2-1/2"]
[WhiteElo "2306"]
[BlackElo "2156"]
[TimeControl "180+2"]
[EndTime "13:39:01 PDT"]
[Termination "Game drawn by agreement"]

1. e4 e5 2. Nf3 Nc6 3. Bb5 a6 4. Ba4 Nf6 5. Bxc6 dxc6 6. d3 Bg4 7.
h3 Bxf3 8. Qxf3 Bd6 9. Nd2 Qe7 10. Nc4 Nd7 11. Bd2 c5 12. Ne3 f6 13. Nf5 Qf7 14. b3 Nf8 15. Qg3 Ne6 16. h4 O-O-O 17. O-O-O c4 18. dxc4 Ba3+ 19. Kb1 Rd7 20. Be3 Rhd8 21.
Rd5 c6 22. Rxd7 Qxd7 23. Qf3 g6 24. Ng3 Nd4 25. Qd1 Kb8 26. c3 Ne6 27. Qxd7 Rxd7 28. Kc2 Be7 29. h5 Kc7 30. hxg6 hxg6 31. Rh6 Nf8 32. Rh8 Rd8 33. Ne2 Ne6 34. Rh7 Rd7 35. g3 Bc5 36. Rxd7+ Kxd7 37. Kd3 Bxe3 38. Kxe3 Nc5 39.
f4 Ke6 40. Ng1 Nd7 41. Nf3 Nc5 42. Ne1 b6 43. Nd3 Nxd3 44. Kxd3 c5 45. Ke3 Kd6 46. b4 Ke6 47. a3 exf4+ 48. Kxf4 g5+ 49. Kf3 Ke5 50.
Ke3 g4 51. Kd3 Ke6 52. Kd2 Ke5 53. Ke3 f5 54. exf5 Kxf5 55. Kd3 Ke5 56. Kd2 Ke4 57. Ke2 Ke5 58. Ke3 Kf5 59. a4 a5 60. Kd3 Ke5 61.
b5 Kf5 62. Kd2 Ke4 63. Ke2 Ke5 64. Ke3 Kf5 1/2-1/2

[Event "*** MasterClass Titled Tuesday Blitz"]
[Site "Chess.com"]
[Date "2017.08.01"]
[Round "3"]
[White "Bad4life"]
[Black "Rbrrt"]
[Result "0-1"]
[WhiteElo "2168"]
[BlackElo "2307"]
[TimeControl "180+2"]
[EndTime "13:39:12 PDT"]
[Termination "Rbrrt won by resignation"]

1. e4 c5 2. Nf3 Nc6 3. Bb5 e6 4. O-O Nge7 5. Re1 a6 6. Bf1 d5 7. d3 g6 8. exd5 Nxd5 9. d4 cxd4 10. Nxd4 Bd6 11. c4 Nde7 12. Nf3 Nf5 13. Bg5 f6 14. Bd2 O-O 15. Nc3 e5 16. Ne4 Be7 17. Bc3 Be6 18.
b3 Qxd1 19. Raxd1 Rad8 20. h3 Kf7 21. g4 Nfd4 22. Bg2 Ne2+ 23. Kf1 Nxc3 24. Nxc3 Bb4 25. Rxd8 Rxd8 26. Rc1 a5 27. Nd5 e4 28.
Ne1 f5 29. Nf4 Ba3 30. Nxe6 Kxe6 31. Rc2 Rd1 32. Ke2 Rb1 33. gxf5+ gxf5 34. Kf1 Bb4 35. Re2 Nd4 36. Bxe4 fxe4 37. Rxe4+ Kf6 38. Rxd4 Rxe1+ 39.
Kg2 Re2 40. Rd7 Rxa2 41. Rxh7 Rb2 42. Rxb7 Rxb3 43. c5 a4 44. c6 Ke6 45. h4 a3 46. h5 a2 47. c7 Kd7 48. Ra7 Ra3 49. Rb7 Ra4 50. h6 a1=Q 51. Rb8 Kxc7 52. Rg8 Bc3 53.
h7 Bh8 54. Rg4 Rxg4+ 0-1

[Event "*** MasterClass Titled Tuesday Blitz"]
[Site "Chess.com"]
[Date "2017.08.01"]
[Round "3"]
[White "popov_m"]
[Black "TryingToGetBetter94"]
[Result "1/2-1/2"]
[WhiteElo "2419"]
[BlackElo "2322"]
[TimeControl "180+2"]
[EndTime "13:39:20 PDT"]
[Termination "Game drawn - insufficient material"]

1. d4 Nf6 2. Bf4 d5 3. e3 c5 4. Nd2 Nc6 5. c3 e6 6. Ngf3 Bd6 7. Bg3 O-O 8. Bb5 Re8 9. Ne5 Qc7 10. Qa4 Bd7 11.
Bxc6 Bxc6 12. Nxc6 bxc6 13. dxc5 Bxg3 14. hxg3 a5 15. Qh4 h6 16. g4 Nh7 17. Nf3 f6 18. Qh5 e5 19. Nh4 Reb8 20. Nf5 Qf7 21. Qxh6 gxh6 22. Nxh6+ Kg7 23. Nxf7 Rxb2 24. Nd6 Rab8 25.
Nf5+ Kg8 26. Rd1 Rxa2 27. O-O Rbb2 28. Ne7+ Kf7 29. Nxc6 Ng5 30. Rxd5 Ne4 31. Rd7+ Kf8 32. Rd8+ Kf7 33. Rd7+ Kf8 34. Rfd1 Nxc5 35. Ra7 Rd2 36. Rxd2 Rxd2 37. Rxa5 Ne4 38. f3 Nxc3 39. Ra7 Nd1 40. Ra3 Re2 41. Nb4 Nxe3 42. Nc6 Rxg2+ 43. Kh1 Re2 44.
Ra7 Rf2 45. Nd8 Rxf3 46. Ne6+ Ke8 47. g5 Rh3+ 48. Kg1 fxg5 49. Nxg5 Rg3+ 50. Kf2 Rxg5 51.
Kxe3 Rg4 52. Ra5 Kd7 53. Rxe5 Kd6 54. Re4 Rg3+ 55. Kd4 Ra3 56. Rf4 Ke6 57. Re4+ Kd6 58. Rf4 Ra4+ 59. Ke3 Rxf4 60. Kxf4 1/2-1/2

[Event "*** MasterClass Titled Tuesday Blitz"]
[Site "Chess.com"]
[Date "2017.08.01"]
[Round "3"]
[White "krzyzan94"]
[Black "Marcus_Harvey"]
[Result "1-0"]
[WhiteElo "2547"]
[BlackElo "2583"]
[TimeControl "180+2"]
[EndTime "13:39:33 PDT"]
[Termination "krzyzan94 won by resignation"]

1. e4 e6 2. d4 d5 3. Nc3 Nf6 4. Bg5 dxe4 5. Nxe4 Be7 6. Bxf6 gxf6 7. Nf3 f5 8. Nc3 a6 9. g3 b5 10. Bg2 Bb7 11.
Qd2 c5 12. O-O-O cxd4 13. Qxd4 Qxd4 14. Rxd4 Bc5 15. Rd2 Nd7 16. Nh4 Bxg2 17. Nxg2 Nf6 18. Nf4 h5 19. h4 Ng4 20. Nd3 Bd4 21. Nd1 O-O-O 22. Re1 Rd7 23. c3 Bb6 24. f3 Nf6 25. Ne5 Rc7 26. Rd6 Bc5 27. Rxa6 Kb7 28. Nxf7 Rxf7 29. Raxe6 Rg8 30. b4 Bb6 31. R1e5 Nd7 32. Rxb5 Rxg3 33. a4 Ka7 34. a5 Bc7 35. Nb2 Rxf3 36. Kc2 Rg7 37. Na4 Nb8 38. Rc5 f4 39. b5 Bxa5 40. b6+ Ka6 41. b7+ Kxb7 42. Rxa5 Rf2+ 43.
Kb3 Nd7 44. Rxh5 f3 45. Rf5 Rf1 46. Rd6 f2 47. Rxd7+ Rxd7 48. Nc5+ Kc7 49. Nxd7 Rb1+ 50. Kc4 f1=Q+ 51. Rxf1 Rxf1 52. Ne5 Rh1 53. Kd5 Rxh4 54. c4 Rh5 55. c5 Rh1 56. Kd4 Rd1+ 57. Kc4 Rc1+ 58. Kd5 Rc2 59. Kd4 Rd2+ 60. Kc4 Rd1 61.
Nd3 Kd7 62. Ne5+ Ke6 63. Nd3 Rd2 64. Nb4 Kd7 65. Nd3 Kc7 66. Ne5 Rh2 67. Nd3 Rh4+ 68. Kd5 Rh5+ 69. Ne5 Rh8 70. Kd4 Rd8+ 71. Kc4 Ra8 72. Nd3 Ra4+ 73. Kd5 Ra3 74. Ne5 Rc3 75. Kd4 Rc1 76. Nd3 Kb7 77. Nxc1 1-0

[Event "*** MasterClass Titled Tuesday Blitz"]
[Site "Chess.com"]
[Date "2017.08.01"]
[Round "3"]
[White "vellottiwizard"]
[Black "chessdude"]
[Result "1/2-1/2"]
[WhiteElo "2531"]
[BlackElo "2435"]
[TimeControl "180+2"]
[EndTime "13:39:46 PDT"]
[Termination "Game drawn by agreement"]

1. e4 e5 2. Nf3 Nc6 3. Bb5 a6 4.
Ba4 Nf6 5. O-O Be7 6. d4 exd4 7. Re1 O-O 8. e5 Ne8 9. Nxd4 Nxd4 10. Qxd4 b5 11. Bb3 c5 12. Qe4 Ra7 13. c3 d6 14. Bc2 g6 15. exd6 Nxd6 16. Qf3 Bf5 17. Bxf5 Nxf5 18. Nd2 Qa8 19. Ne4 Re8 20. Bf4 Qc6 21.
Rad1 Raa8 22. g4 Ng7 23. Bd6 Kf8 24. Be5 Rad8 25. Rxd8 Rxd8 26. Qf4 Kg8 27. Nf6+ Bxf6 28. Bxf6 Re8 29. Rd1 Ne6 30. Qg3 Qe4 31. f3 Qe3+ 32. Qf2 Qf4 33. Bh4 c4 34. Bg3 Qf6 35. Re1 Rd8 36. Be5 Qe7 37. Re2 Qc5 38. Qxc5 Nxc5 39.
Bf6 Rc8 40. Bd4 Ne6 41. Be5 Nc5 42. Bd4 Ne6 43. Bf6 Nc5 44. Kg2 Nd7 45. Bd4 Kf8 46.
Be3 f6 47. Bf4 Re8 48. Rd2 Ke7 49. Bd6+ Kf7 50. Bg3 Ne5 51. Bxe5 Rxe5 52. Kf2 Ke7 53. Rd4 Re6 54. h3 g5 55. a4 bxa4 56. Rxc4 Rb6 57. Rxa4 Rxb2+ 58. Ke3 Rh2 59. Rxa6 Rxh3 60. Ke4 h5 61. c4 hxg4 62. fxg4 Rg3 63. Kf5 Rf3+ 64. Kg6 Rf4 65. c5 Rxg4 66. Rxf6 Rc4 67. Rf7+ Kd8 68. Kxg5 Rxc5+ 69. Rf5 1/2-1/2

[Event "*** MasterClass Titled Tuesday Blitz"]
[Site "Chess.com"]
[Date "2017.08.01"]
[Round "3"]
[White "evgenysharapov"]
[Black "matein28"]
[Result "1-0"]
[WhiteElo "2252"]
[BlackElo "2379"]
[TimeControl "180+2"]
[EndTime "13:39:55 PDT"]
[Termination "evgenysharapov won by checkmate"]

1. e4 d5 2. exd5 Qxd5 3. Nc3 Qd6 4. d4 c6 5. Nf3 Nf6 6. Be3 Bf5 7. Qd2 Nbd7 8. O-O-O e6 9. Bd3 Bxd3 10. Qxd3 O-O-O 11. Ng5 Qe7 12. Nge4 Nxe4 13. Nxe4 Ne5 14. Qe2 Nd7 15. Bf4 Nf6 16. Nxf6 gxf6 17. Bg3 Qb4 18. c3 Qa5 19. Kb1 Bd6 20. Qf3 Qg5 21. Rde1 h5 22.
Re4 h4 23. Rg4 Qf5+ 24. Qxf5 exf5 25. Rxh4 f4 26. Rxf4 Bxf4 27. Bxf4 Rde8 28. Be3 f5 29. g3 Rh3 30. Kc2 Reh8 31. d5 cxd5 32. Rd1 Rd8 33. Bxa7 Rxh2 34. Be3 Kc7 35. Rd4 Re8 36. Kd3 Kc6 37.
Rf4 Rh5 38. Rb4 Re6 39. a4 Rh1 40. Rb6+ Kc7 41. Rb5 Kc6 42. Rc5+ Kd6 43. b4 Rd1+ 44. Kc2 Ra1 45. a5 Re7 46. Kb2 Rf1 47. Rb5 Kc6 48. Rb6+ Kd7 49. Rxb7+ Ke8 50. Rxe7+ Kxe7 51. a6 Rh1 52. a7 Rh8 53. Bf4 Ra8 54. Bb8 Kd7 55.
Kc2 Kc6 56. Kd3 Kb7 57. Kd4 Kc6 58. f3 f6 59. f4 Kd7 60. Kxd5 Ke7 61. Kc6 Kd8 62.
b5 Rxa7 63. Bxa7 Ke7 64. b6 Kd8 65. b7 Ke8 66. b8=Q+ Kf7 67. Kd7 Kg6 68. Ke6 Kh5 69. Kxf6 Kg4 70. Qg8+ Kf3 71. Kxf5 Kg2 72. c4 Kh3 73. c5 Kg2 74. c6 Kf3 75. c7 Kg2 76. c8=Q Kh1 77. Qd5+ Kh2 78. Qc2+ Kh3 79. Qdg2# 1-0

[Event "*** MasterClass Titled Tuesday Blitz"]
[Site "Chess.com"]
[Date "2017.08.01"]
[Round "3"]
[White "GMKrikor"]
[Black "livestrong04"]
[Result "0-1"]
[WhiteElo "2511"]
[BlackElo "2384"]
[TimeControl "180+2"]
[EndTime "13:40:03 PDT"]
[Termination "livestrong04 won on time"]

1. e4 c5 2. Nf3 e6 3. d4 cxd4 4.
Nxd4 a6 5. Nc3 Qc7 6. g3 Bb4 7. Ne2 Be7 8. Bg2 Nf6 9. O-O d6 10. a4 Nc6 11. h3 O-O 12. Be3 Rb8 13. Nd4 Bd7 14. Nb3 b5 15. a5 Rfc8 16. Bb6 Qb7 17. Qe2 Be8 18. Rfd1 Nd7 19. Be3 Nb4 20. e5 d5 21. f4 Nxc2 22. Qxc2 b4 23. Nd4 bxc3 24. bxc3 Qb2 25. Qxb2 Rxb2 26. Rd2 Rbb8 27. Rc2 Nc5 28. Bf1 Rc7 29. Bf2 Bd7 30. Be1 Bc8 31. Raa2 Rb1 32. Kf2 Ne4+ 33. Ke2 g5 34. Bg2 gxf4 35. gxf4 Nc5 36.
Rcb2 Rxb2+ 37. Rxb2 Na4 38. Rb3 Bd7 39. Ke3 Bd8 40. Bf1 Bc8 41. Ra3 Nb2 42. Be2 Rc5 43. Rb3 Nc4+ 44. Bxc4 dxc4 45. Rb8 Kg7 46. h4 h5 47. f5 exf5 48. Bg3 Bxa5 49. Bf4 Bxc3 50. Nf3 a5 51. Bg5 Bxe5 52. Nxe5 Rxe5+ 53. Kd4 Re8 54. Bf4 a4 55. Ra8 Bd7 56. Ra7 Be6 57. Be5+ Kg6 58. Rxa4 Rd8+ 59. Kc3 Rd5 60. Bf4 Rd3+ 61. Kc2 Rd4 62. Bg3 f4 63. Bf2 Re4 64. Kc1 Kf5 65. Ra8 Kg4 66. Rg8+ Kf3 67. Bc5 Re2 68. Rg5 c3 69. Rxh5 Bb3 0-1